 Dungeon Crawl Stone Soup version 0.20-a0-555-gf6ae02d (webtiles) character file.

33 M4edhros the Sneak (level 3, 0/23 HPs)
             Began as an Octopode Artificer on Feb 4, 2017.
             Killed themself with a badly aimed fireball (18 damage)
             ... on level 2 of the Dungeon.
             The game lasted 00:00:33 (379 turns).

M4edhros the Sneak (Octopode Artificer)              Turns: 379, Time: 00:00:34

Health: 0/23       AC:  1    Str: 11    XL:     3   Next: 29%
Magic:  5/5        EV: 13    Int: 13    God:
Gold:   43         SH:  0    Dex: 13    Spells: 2/2 levels left

rFire    . . .     SeeInvis .   a - +0 short sword
rCold    . . .     Gourm    .   (no shield)
rNeg     . . .     Faith    .   (helmet restricted)
rPois    .         Spirit   .   (no amulet)
rElec    .         Reflect  .   (no ring)
rCorr    .         Harm     .   (no ring)
MR       .....                  (no ring)
Stlth    ++++......             (no ring)
Regen    0.1/turn               (no ring)
                                (no ring)
                                (no ring)
                                (no ring)

@: no status effects
A: almost no armour, stealthy swim, amphibious, 8 rings, constrict 8, camouflage
1, gelatinous body 1
a: no special abilities


You were on level 2 of the Dungeon.
You were not hungry.

You visited 1 branch of the dungeon, and saw 2 of its levels.

You collected 43 gold pieces.

Inventory:

Hand Weapons
 a - a +0 short sword (weapon)
Missiles
 j - 25 stones (quivered)
Wands
 b - a wand of flame (15/48)
 c - a wand of enslavement (14/24)
 d - a wand of random effects (14/48)
Scrolls
 h - a scroll of identify {unknown}
 i - a scroll of fog {unknown}
 k - a scroll of immolation {unknown}
 l - 3 scrolls of remove curse {unknown}
 n - a scroll of blinking {unknown}
Potions
 e - a potion of cure mutation {unknown}
 g - a potion of might {unknown}
 m - a potion of cancellation {unknown}
Comestibles
 f - a bread ration


   Skills:
 - Level 1.0 Fighting
 - Level 1.0 Short Blades
 - Level 2.0 Dodging
 + Level 4.5 Stealth
 - Level 3.2 Evocations


You had 2 spell levels left.
You didn't know any spells.

Dungeon Overview and Level Annotations

Branches:
Dungeon (2/15)

Altars:


Innate Abilities, Weirdness & Mutations

You cannot wear most types of armour.
You are very stealthy in the water. (Stealth+)
You are amphibious.
You can wear up to eight rings at the same time.
You can use your tentacles to constrict eight enemies at once.
Your skin changes colour to match your surroundings (Stealth+).
Your rubbery body absorbs attacks. (AC +1, EV +1)


Message History

Aiming: Enslavement
Press: ? - help, Shift-Dir - straight line, f - adder
Aim: an adder (chance to defeat MR: 64%)
The adder struggles to resist.
This wand has 14 charges left.
You constrict the hobgoblin.
You kill the hobgoblin!
You have reached level 3!
Your experience leads to an increase in your attributes!
Increase (S)trength, (I)ntelligence, or (D)exterity?
You feel agile. The adder completely misses you.
Evoke which item? (* to show all) (? for menu, Esc to quit)
Aiming: Random Effects
Press: ? - help, Shift-Dir - straight line, f - adder
Aim: an adder The fireball explodes!
The fireball engulfs the adder.
You kill the adder!
The fireball engulfs you!
Ouch! That really hurt!
You die...

#.# #.# #.#
#.# ##.# #.#
#(.# #<#
##(#######
#.#
#..(.....#
#.#
#.#...>..#
#.#
#.#......#
#.#
#.#.@....#
#.#
............#
#.#
............#
#.#
#...........#
#..)........#
##........(.#
#..?.#######
#....


There were no monsters in sight!

Vanquished Creatures
  A gnoll (D:1)
  An adder (D:2)
  A ball python (D:1)
  A giant cockroach (D:1)
  2 goblins (D:1)
  A hobgoblin (D:2)
  2 frilled lizards
  3 kobolds
  4 rats
16 creatures vanquished.

Notes
Turn   | Place    | Note
-------+----------+-------------------------------------------
     0 | D:1      | M4edhros the Octopode Artificer began the quest for the Orb.
     0 | D:1      | Reached XP level 1. HP: 13/13 MP: 3/3
    49 | D:1      | Reached skill level 2 in Stealth
    78 | D:1      | Reached skill level 3 in Stealth
    78 | D:1      | Reached XP level 2. HP: 14/18 MP: 4/4
   345 | D:2      | Reached skill level 4 in Stealth
   378 | D:2      | Reached XP level 3. HP: 17/23 MP: 5/5
   379 | D:2      | Killed themself with a badly aimed fireball

Vault maps used:
D:1:      dpeg_arrival_concentric_ovals, hangedman_feature_mirror,
          minmay_pentomino_u4
D:2:      chequers_ecumenical_altar_simple, nicolae_qazlal_general_emergency

Skill      XL: |  1  2 |
---------------+-------+-----
Stealth        | 3 4 |  4.5
Fighting       | |  1.0
Short Blades   | |  1.0
Dodging        | |  2.0
Evocations     | |  3.2

Action                   || total
-------------------------++-------
Melee: Short sword       ||    27
       Constrict         ||     9
       Tentacles         ||     4
Evoke: Wand              ||     2
 Stab: Confused          ||     2
       Sleeping          ||     2
       Distracted        ||     1
Armor: Skin              ||     2
Dodge: Dodged            ||    12
